AoeStats
← Irving Legend

Arabia

503608782Analyzed
1v1 RM · 1mo ago on Sep 1, 2026· 38m 55s· 2 players
Game mode
Random Map
Map size
Tiny (2 player)
Population
200
Speed
Normal
Resources
Standard
Victory
Conquest
Starting age
Dark Age
Ending age
Imperial Age
RankedLock teamsTeams togetherTeam positionsShared explorationLock speedFull tech treeHidden civsTurbo modeCheats
Victory
Defeat
🇧🇿 Persians · Belize
1191
+15
🇨🇦 Romans · Canada
1169
-15
Irving Legend
7:21 Loom
9:56 Feudal Age
10:05 Man-at-Arms
17:43 Wheelbarrow
16:56 Double-Bit Axe
18:35 Horse Collar
22:16 Castle Age
20:44 Gold Mining
21:33 Scale Barding Armor
21:40 Forging
22:31 Bloodlines
23:25 Bow Saw
29:03 Pikeman
30:00 Scale Mail Armor
30:27 Chain Barding Armor
31:30 Husbandry
32:25 Chain Mail Armor
33:41 Squires
34:19 Devotion
rrhaburn14
3:24 Loom
10:19 Feudal Age
10:46 Double-Bit Axe
13:17 Horse Collar
17:27 Wheelbarrow
21:26 Castle Age
20:36 Gold Mining
21:03 Bloodlines
21:05 Scale Barding Armor
21:16 Fletching
21:25 Crossbowman
28:35 Bodkin Arrow
30:46 Chain Barding Armor
32:27 Husbandry
34:38 Hand Cart
37:16 Ballistics
40:06 Imperial Age
38:41 Bow Saw
Connection lost

Rejoining the realm…

Still unreachable

The connection could not be restored.

Session expired

The server has moved on; the page needs a fresh start.